Map: 포트 알렉산더 - 래더

Players

Snute

  • Race: Zerg Zerg
  • Spawn Location: 11:00

Ragnarok (SHIN) - Winner!

  • Race: Zerg Zerg
  • Spawn Location: 5:00

Event: IEM Season 13: Katowice (2019)

VOD

Have the link to the VOD?

Description

Time

  • Played on: Feb. 25, 2019, 4:15 a.m.
  • Length: 6:57

All games in this series

Show
View Real Time Build Order
Export as new Build Order

Snute Zerg 

Build Orders: Hatch First 

Get SALT Encoding   

  12  0:00  Drone  
  13  0:12  Overlord  
  13  0:18  Drone  
  14  0:31  Drone x2  
  14  0:34  Drone  
  17  0:52  Hatchery  
  17  0:56  Drone  
  17  0:59  Drone  
  17  1:03  Extractor  
  17  1:15  Spawning Pool  
  17  1:18  Drone  
  17  1:21  Drone  
  18  1:28  Drone  
  19  1:38  Overlord  
  19  1:49  Drone  
  20  2:01  Queen  
  20  2:03  Metabolic Boost  
  20  2:04  Queen  
  20  2:06  Drone  
  25  2:09  Drone  
  25  2:12  Drone  
  25  2:15  Drone  
  28  2:22  Drone  
  29  2:26  Drone  
  30  2:32  Drone  
  31  2:37  Drone  
  31  2:43  Overlord  
  32  2:46  Hatchery  
  32  2:49  Drone  
  32  2:56  Roach Warren  
  31  3:00  Drone x2  
  33  3:07  Zergling x2  
  33  3:08  Zergling x2  
  33  3:09  Zergling x4  
  33  3:10  Zergling x2  
  38  3:14  Overlord  
  38  3:18  Overlord  
  38  3:36  Roach  
  38  3:37  Roach x4  
  48  3:43  Evolution Chamber  
  48  3:44  Evolution Chamber, Roach  
  48  3:48  Roach  
  50  3:54  Roach  
  52  4:01  Zergling x2  
  52  4:02  Zergling x8  
  54  4:05  Roach  
  54  4:15  Drone  
  54  4:16  Drone x4  
  59  4:22  Drone  
  59  4:23  Drone x2  
  61  4:29  Overlord  
  61  4:31  Drone, Extractor  
  62  4:38  Overlord  
  61  4:40  Extractor  
  61  4:44  Overlord  
  61  4:45  Drone  
  61  4:46  Drone  
  61  4:47  Drone  
  61  4:50  Drone  
  64  4:53  Drone x2  
  64  4:56  Drone x2  
  64  4:59  Drone  
  69  5:05  Drone x2  
  69  5:06  Drone x2  
  73  5:11  Drone x3  
  76  5:16  Roach x2  
  76  5:21  Roach  
  79  5:23  Roach x2  
  79  5:26  Roach  
  84  5:30  Spine Crawler  
  84  5:33  Roach  
  85  5:36  Roach x2  
  87  5:46  Roach  
  87  5:47  Roach x2  
  87  5:56  Roach x6  
  88  6:00  Roach x2  
  88  6:03  Roach  
  83  6:07  Roach x4  
  83  6:11  Queen, Roach  
  85  6:14  Roach  
  85  6:15  Roach  
  85  6:16  Zergling x2  
  83  6:24  Roach  
  83  6:25  Roach  
  69  6:28  Roach x2  
  69  6:31  Zergling x2  
  61  6:35  Zergling x4  
  61  6:38  Zergling x2  
  61  6:39  Zergling x2  
Show
View Real Time Build Order
Export as new Build Order

Ragnarok Zerg - Winner!

Build Orders: Hatch First 

Get SALT Encoding   

  12  0:00  Drone  
  13  0:12  Overlord  
  13  0:18  Drone  
  14  0:30  Drone  
  14  0:31  Drone  
  16  0:48  Hatchery  
  15  0:52  Drone  
  15  0:55  Drone  
  17  0:59  Drone  
  18  1:09  Extractor  
  17  1:15  Spawning Pool  
  17  1:18  Drone  
  17  1:21  Drone  
  18  1:28  Drone  
  19  1:41  Drone  
  20  1:49  Drone  
  21  2:00  Drone  
  22  2:01  Overlord  
  22  2:02  Queen x2  
  26  2:10  Metabolic Boost  
  26  2:13  Drone x2  
  28  2:23  Drone x2  
  30  2:34  Hatchery  
  29  2:37  Zergling x2  
  29  2:42  Drone  
  29  2:43  Drone  
  32  2:52  Overlord  
  32  3:00  Baneling Nest  
  31  3:12  Zergling x20  
  41  3:19  Overlord  
  41  3:20  Drone  
  42  3:28  Roach Warren  
  42  3:30  Drone, Extractor  
  42  3:32  Drone  
  42  3:41  Drone  
  42  3:44  Baneling x2  
  42  3:45  Baneling x2  
  42  3:47  Overlord  
  43  3:49  Drone  
  43  4:10  Roach x5  
  43  4:13  Overlord  
  43  4:15  Roach  
  53  4:18  Roach  
  53  4:22  Roach  
  56  4:27  Roach  
  58  4:33  Roach  
  58  4:36  Roach  
  62  4:41  Roach  
  62  4:45  Zergling x10  
  69  4:49  Overlord  
  69  4:57  Roach  
  69  4:59  Roach  
  73  5:02  Overlord  
  73  5:06  Overlord  
  73  5:10  Zergling x2  
  73  5:11  Zergling x2  
  74  5:15  Zergling x2  
  74  5:16  Zergling x2  
  76  5:22  Zergling x2  
  76  5:23  Zergling x4  
  76  5:26  Baneling x3  
  76  5:27  Baneling  
  78  5:33  Zergling x2  
  78  5:35  Zergling x2  
  80  5:37  Zergling x4  
  80  5:38  Baneling  
  80  5:39  Baneling x2  
  78  5:43  Zergling x2  
  78  5:44  Zergling x2  
  78  5:47  Zergling x2  
  78  5:48  Ravager  
  77  5:50  Zergling x2  
  77  5:53  Zergling x2  
  77  5:55  Zergling x2  
  77  5:57  Zergling x2  
  77  5:59  Zergling x2  
  77  6:00  Zergling x2  
  77  6:03  Zergling x2  
  78  6:07  Zergling x2  
  78  6:10  Zergling x4  
  79  6:14  Zergling x2, Ravager  
  79  6:17  Ravager  
  79  6:18  Zergling x2  
  83  6:19  Zergling x2  
  83  6:20  Zergling x2  
  83  6:23  Drone  
  78  6:25  Drone  
  78  6:27  Ravager  
  78  6:28  Drone  
  78  6:30  Drone  
  78  6:32  Ravager  
  76  6:35  Drone x2  
  70  6:40  Evolution Chamber  
  69  6:52  Ravager  

Tags
 
Add a new tag
Caveats
  • Supply blocks, unpowered buildings, or Contaminate may cause inaccurate times.
  • Supply counts are checked every 10 seconds.